 Dungeon Crawl Stone Soup version 0.21-a0-78-g82a99e0 (webtiles) character file.

390 KristoblXynda the Insei (level 6, -1/44 HPs)
             Began as a Demonspawn Warper on June 21, 2017.
             Slain by a white imp (5 damage)
             ... summoned by Natasha
             ... on level 3 of the Dungeon.
             The game lasted 00:06:17 (2950 turns).

KristoblXynda the Insei (Demonspawn Warper)         Turns: 2950, Time: 00:06:18

Health: -1/44      AC:  4    Str: 12    XL:     6   Next: 50%
Magic:  9/9        EV: 12    Int: 15    God:
Gold:   110        SH:  0    Dex: 13    Spells: 7/9 levels left

rFire    . . .     SeeInvis .     - Unarmed
rCold    . . .     Gourm    .   (no shield)
rNeg     . . .     Faith    .   a - +0 leather armour
rPois    .         Spirit   .   (helmet restricted)
rElec    .         Reflect  .   (no cloak)
rCorr    .         Harm     .   j - +0 pair of gloves
MR       .....                  (no boots)
Stlth    +.........             (no amulet)
HPRegen  0.14/turn              (no ring)
MPRegen  0.11/turn              (no ring)

@: no status effects
A: horns 1, spiny 2, rot immunity
a: no special abilities


You were on level 3 of the Dungeon.
You were hungry.

You visited 1 branch of the dungeon, and saw 3 of its levels.

You collected 110 gold pieces.

Inventory:

Hand Weapons
 l - a +0 hand axe of chopping
 q - a +1 spear of pain
Missiles
 d - 5 tomahawks of dispersal (quivered)
Armour
 a - a +0 leather armour (worn)
 j - a +0 pair of gloves (worn)
Scrolls
 c - a scroll of blinking
 e - a scroll of remove curse
 h - a scroll of fear {unknown}
 o - a scroll of immolation {unknown}
Potions
 g - a potion of might {unknown}
 i - a potion of flight
 n - a potion of curing
Books
 b - a book of Spatial Translocations

   Spells                             Type                      Level
   a - Blink                          Translocation                2
   b - Shroud of Golubria             Charms/Translocation         2
   c - Lesser Beckoning               Translocation                3
   d - Gell's Gravitas                Translocation                3
   e - Teleport Other                 Translocation                3
   f - Passage of Golubria            Translocation                4
 k - a book of Minor Magic

   Spells                             Type                      Level
   a - Magic Dart                     Conjuration                  1
   b - Blink                          Translocation                2
   c - Call Imp                       Summoning                    2
   d - Slow                           Hexes                        2
   e - Conjure Flame                  Conjuration/Fire             3
   f - Mephitic Cloud                 Conjuration/Poison/Air       3
 m - a book of Misfortune

   Spells                             Type                      Level
   a - Confusing Touch                Hexes                        1
   b - Confuse                        Hexes                        3
   c - Gell's Gravitas                Translocation                3
   d - Petrify                        Transmutation/Earth          4
   e - Metabolic Englaciation         Hexes/Ice                    5
   f - Yara's Violent Unravelling     Hexes/Transmutation          5
Comestibles
 f - a bread ration


   Skills:
 - Level 2.0 Fighting
 - Level 0.8 Throwing
 + Level 3.0 Armour
 - Level 2.2 Dodging
 * Level 5.3 Unarmed Combat
 - Level 2.0 Spellcasting
 - Level 2.6 Translocations


You had 7 spell levels left.
You knew the following spells:

 Your Spells              Type           Power        Failure   Level  Hunger
a - Blink                 Tloc           N/A          14%         2    ###....


Dungeon Overview and Level Annotations

Branches:
Dungeon (3/15)

Altars:
Elyvilon

Annotations:
D:3 Natasha


Innate Abilities, Weirdness & Mutations

You have a pair of small horns on your head.
You are mostly covered in sharp spines.
You are immune to rotting.


Message History

You hit Natasha.
Natasha is almost dead.
The white imp is struck by your spines. The white imp hits you.
The white imp freezes you. Natasha casts a spell at you.
The magic dart hits you!
* * * LOW HITPOINT WARNING * * *
You barely miss Natasha.
Natasha is almost dead.
The white imp gestures at you. The puff of frost hits you!
* * * LOW HITPOINT WARNING * * *
Natasha completely misses you.
Unknown command.
You hit Natasha. Your headbutt misses Natasha.
Natasha is almost dead.
The white imp is struck by your spines. The white imp hits you.
* * * LOW HITPOINT WARNING * * *
The white imp freezes you.
You die...

########.....##..................
#.....##..................
########.........#'####### #####
#.........#.# #...#
#....).####.####### # #...#
######....#.####........
####...###....#....#.##...##.....
(........'....'.......+..........
####...###....#h@..##.#...#......
......o# #....#.5..##.#...#......
###....# #....#....##.#...#.#####
###....# #)...#....##.#...#.# ###
..#....# #....#....##.....#.# #..
#.#o#### #....########....#.# #.#
#(#.# #....# #....#.# #.# #.#(#
#....# #....#.# #.# #.#<# ######
#..###.# #.#


You could see Natasha and a white imp.

Vanquished Creatures
  A bullfrog (D:3)
  2 orc priests (D:3)
  3 orc wizards (D:3)
  Natasha (twice) (D:3)
  3 adders
  3 gnolls (D:3)
  An ooze (D:1)
  A worm (D:3)
  A dart slug (D:1)
  2 leopard geckos (D:3)
  6 orcs (D:3)
  9 bats
  2 giant cockroaches
  9 goblins
  7 hobgoblins
  2 quokkas (D:3)
  2 frilled lizards
  9 kobolds
  7 rats
72 creatures vanquished.

Notes
Turn   | Place    | Note
-------+----------+-------------------------------------------
     0 | D:1      | KristoblXynda the Demonspawn Warper began the quest for the Orb.
     0 | D:1      | Reached XP level 1. HP: 16/16 MP: 3/3
   146 | D:1      | Reached skill level 2 in Unarmed Combat
   226 | D:1      | Gained mutation: You are partially covered in sharp spines. [demonic ancestry]
   226 | D:1      | Reached XP level 2. HP: 20/22 MP: 5/5
   593 | D:1      | Gained mutation: You have a pair of small horns on your head. [demonic ancestry]
   593 | D:1      | Reached XP level 3. HP: 24/27 MP: 6/6
   597 | D:1      | Learned a level 2 spell: Blink
   716 | D:2      | Reached skill level 1 in Armour
   716 | D:2      | Reached skill level 3 in Unarmed Combat
   856 | D:2      | Found a white marble altar of Elyvilon.
  1443 | D:3      | Reached XP level 4. HP: 25/33 MP: 7/7
  1593 | D:3      | Noticed a bullfrog
  1604 | D:3      | Killed a bullfrog
  1604 | D:3      | Reached skill level 4 in Unarmed Combat
  1604 | D:3      | Gained mutation: You are mostly covered in sharp spines. [demonic ancestry]
  1604 | D:3      | Reached XP level 5. HP: 38/38 MP: 8/8
  1782 | D:3      | Noticed Natasha
  1794 | D:3      | Killed Natasha
  2428 | D:3      | Gained mutation: You are immune to rotting. [demonic ancestry]
  2428 | D:3      | Reached XP level 6. HP: 43/44 MP: 9/9
  2445 | D:3      | Reached skill level 5 in Unarmed Combat
  2694 | D:3      | Noticed Natasha
  2704 | D:3      | Killed Natasha
  2938 | D:3      | Noticed Natasha
  2950 | D:3      | Slain by a white imp

Vault maps used:
D:1:      dpeg_arrival_rooms_with_view
D:2:      nicolae_overflow_crystal_walls, serial_forest,
          infiniplex_forest_lined_room_2, infiniplex_forest_clump_tiny,
          infiniplex_forest_zigzag_1, infiniplex_forest_clump_small,
          infiniplex_forest_straight_4, infiniplex_forest_end_2,
          infiniplex_forest_clump_diagonal, infiniplex_forest_straight_4,
          infiniplex_forest_clump_curved
D:3:      uniq_grinder, uniq_natasha

Skill      XL: |  1  2  3  4  5  6 |
---------------+-------------------+-----
Dodging        | 2 |  2.2
Unarmed Combat | 2 3 4 5 |  5.3
Armour         | 1 2 3 |  3.0
Fighting       | |  2.0
Throwing       | |  0.8
Spellcasting   | |  2.0
Translocations | |  2.6

Action                   |  1- 3 |  4- 6 || total
-------------------------+-------+-------++-------
Melee: Unarmed           |   106 |   110 ||   216
       Headbutt          |     3 |    26 ||    29
       Spear             |       |     4 ||     4
       Punch             |       |     1 ||     1
  Use: Scroll            |     5 |     1 ||     6
       Potion            |       |     4 ||     4
  Eat: Meat ration       |     1 |       ||     1
       Chunk             |     1 |       ||     1
Armor: Leather armour    |    27 |    17 ||    44
       Skin              |       |    27 ||    27
Dodge: Dodged            |    86 |    55 ||   141
